 Dungeon Crawl Stone Soup version 0.26-a0-1126-g3318b609a0 (webtiles) character file.

Game seed: 2050842489752051360

618 sahdkjhfkaj the Conjurer (level 7, -4/41 HPs)
             Began as an Octopode Conjurer on Dec 18, 2020.
             Was a Follower of Ashenzari.
             Slain by an ogre
             ... wielding a +0 giant club
              (22 damage)
             ... on level 5 of the Dungeon.
             The game lasted 00:07:24 (6261 turns).

sahdkjhfkaj the Conjurer (Octopode Conjurer)        Turns: 6261, Time: 00:07:25

Health: -4/41      AC:  1    Str:  7    XL:     7   Next: 45%
Magic:  11/12      EV: 14    Int: 22    God:    Ashenzari [*.....]
Gold:   274        SH:  0    Dex: 16    Spells: 2/13 levels left

rFire    . . .     SeeInvis .   a - +1 dagger (venom)
rCold    . . .     Faith    .   (no shield)
rNeg     . . .     Spirit   .   (helmet restricted)
rPois    .         Reflect  .   (no amulet)
rElec    .         Harm     .   j - +6 ring of dexterity (curse)
rCorr    .         Rampage  .   (no ring)
Will     .....                  (no ring)
Stlth    +++.......             (no ring)
HPRegen  0.13/turn              (no ring)
MPRegen  0.13/turn              (no ring)
                                (no ring)
                                (no ring)

@: no status effects
A: almost no armour, stealthy swim, amphibious, 8 rings, constrict 8, camouflage
1, gelatinous body 1
a: Renounce Religion, Curse Item, Scrying


You were on level 5 of the Dungeon.
You worshipped Ashenzari.
Ashenzari was aware of your devotion.
You visited 2 branches of the dungeon, and saw 6 of its levels.

You collected 274 gold pieces.

Inventory:

Hand Weapons
 a - a +1 dagger of venom (weapon)
Jewellery
 j - a cursed +6 ring of dexterity (left tentacle)
 o - an uncursed ring of ice
Wands
 k - a wand of random effects (15)
Scrolls
 b - 2 scrolls of magic mapping
 e - 2 scrolls of fog
 f - a scroll of fear
 g - 2 scrolls of amnesia
 h - 2 scrolls of enchant weapon
 l - 3 scrolls of remove curse
 m - a scroll of teleportation {!r}
 s - a scroll of identify
Potions
 c - a potion of degeneration {unknown}
 d - a potion of curing
 i - a potion of haste {unknown}
 n - a potion of attraction {unknown}
 p - 2 potions of might {unknown}
 q - a potion of flight {unknown}
 r - a potion of invisibility {unknown}


   Skills:
 - Level 2.0 Dodging
 - Level 2.6 Stealth
 - Level 3.8 Spellcasting
 - Level 5.4 Conjurations
 - Level 5.4 Hexes
 + Level 1.2 Translocations


You had 2 spell levels left.
You knew the following spells:

 Your Spells              Type           Power        Failure   Level
a - Magic Dart            Conj           100%         1%          1
b - Searing Ray           Conj           56%          1%          2
x - Fulminant Prism       Conj/Hex       14%          12%         4
M - Iskenderun's Mystic   Conj/Tloc      18%          28%         4

Your spell library contained the following spells:

 Spells                   Type           Power        Failure   Level
 Dazzling Flash           Conj/Hex       56%          3%          3


Dungeon Overview and Level Annotations

Branches:
Dungeon (5/15)             Temple (1/1) D:4

Altars:
Ashenzari
Cheibriados
Elyvilon
Fedhas
Gozag
Kikubaaqudgha
Nemelex Xobeh
Qazlal
Ru
Trog
Wu Jian
Yredelemnul
The Shining One


Innate Abilities, Weirdness & Mutations

You cannot wear most types of armour.
You are very stealthy in the water. (Stealth+)
You are amphibious.
You can wear up to eight rings at the same time.
You can use your tentacles to constrict eight enemies at once.
Your skin changes colour to match your surroundings (Stealth+).
Your rubbery body absorbs attacks. (AC +1, EV +1)


Message History

An ogre comes into view. It is wielding a +0 giant club.
The ogre moves out of view.
An ogre is nearby!
An ogre is nearby!
An ogre is nearby!
An ogre is nearby!
There is an open door here.
The ogre shouts!
Casting: Magic Dart (safe; 1% risk of failure)
Confirm with . or Enter, or press ? or * to list all spells.
Aiming: Magic Dart (safe; 1% risk of failure)
Press: ? - help, Shift-Dir - straight line, f - ogre
Aim: an ogre, wielding a +0 giant club (0% to evade)
The magic dart hits the ogre.
The ogre is lightly wounded.
The ogre hits you with a +0 giant club!!
Ouch! That really hurt!
The ogre hits you with a +0 giant club!!
Ouch! That really hurt!
You die...

#....#..........#.........
#....#..........#.........
#....#..........#.........
##'###..........#....##...
##....#.....######....#####
#[....'.....#..........#
#.....#.....#..........#
#.....#.....'..........#
#######..O@.#...###...##
#.......#######...#####
#.......# #.........
#.......# #.........
#.......# #.........
#.......# ##........
#.......# #...###..
#.......# ##### ###


You could see an ogre.

Vanquished Creatures
  An ogre (D:4)
  A scorpion (D:4)
  A howler monkey (D:4)
  A jelly (D:4)
  An orc priest (D:4)
  Ijyb (D:3)
  An iguana (D:4)
  5 orc wizards
  4 gnolls (D:4)
  5 adders
  An ooze (D:2)
  An adder skeleton (D:3)
  2 worms (D:2)
  2 leopard geckos
  15 orcs
  7 bats
  5 giant cockroaches
  7 goblins
  10 hobgoblins
  11 jackals
  2 quokkas
  A ball python (D:2)
  4 frilled lizards
  A jackal skeleton (D:4)
  5 kobolds
  A leopard gecko skeleton (D:4)
  8 rats
104 creatures vanquished.

Vanquished Creatures (others)
  A fulminant prism (D:4)
1 creature vanquished.

Grand Total: 105 creatures vanquished

Notes
Turn   | Place    | Note
-------+----------+-------------------------------------------
     0 | D:1      | sahdkjhfkaj the Octopode Conjurer began the quest for the
                  | Orb.
     0 | D:1      | Reached XP level 1. HP: 11/11 MP: 3/3
   242 | D:1      | Reached XP level 2. HP: 17/17 MP: 0/5
   349 | D:1      | Learned a level 2 spell: Searing Ray
  1086 | D:2      | Reached XP level 3. HP: 20/21 MP: 0/6
  1676 | D:2      | Found a broken altar of Ashenzari.
  1687 | D:2      | Became a worshipper of Ashenzari the Shackled
  2126 | D:2      | Reached XP level 4. HP: 27/27 MP: 2/8
  2381 | D:2      | Learned a level 4 spell: Fulminant Prism
  2406 | D:3      | Noticed Ijyb
  2429 | D:3      | Killed Ijyb
  2430 | D:3      | Reached skill level 1 in Hexes
  2991 | D:3      | Reached XP level 5. HP: 17/31 MP: 5/9
  3514 | D:3      | Found an ancient bone altar of Kikubaaqudgha.
  4186 | D:4      | Reached XP level 6. HP: 36/36 MP: 5/10
  4716 | D:4      | Reached * piety under Ashenzari
  4775 | D:4      | Found a stormy altar of Qazlal.
  4831 | D:4      | Reached skill level 5 in Conjurations
  4831 | D:4      | Reached skill level 5 in Hexes
  4831 | D:4      | Reached XP level 7. HP: 41/41 MP: 4/12
  4892 | D:4      | Learned a level 4 spell: Iskenderun's Mystic Blast
  5161 | D:4      | Found a snail-covered altar of Cheibriados.
  5396 | D:4      | Found a staircase to the Ecumenical Temple.
  5516 | Temple   | Entered the Ecumenical Temple
  5820 | D:5      | Entered Level 5 of the Dungeon
  5978 | D:4      | Reached skill level 1 in Translocations
  6261 | D:5      | Slain by an ogre

Illustrated notes

Levels and vault maps discovered:
D:1:      mrwooster_arrival_arrow, layout_basic
D:2:      layout_basic, serial_glass, glass_columns_a, glass_columns_a,
          glass_columns_a, glass_columns_a, glass_columns_a, glass_columns_a,
          dk_vineyard_3, st_stairs_5, evilmike_ruin_ashenzari
D:3:      layout_loops_ring, kiku_gazebo_pond_becter, uniq_ijyb
D:4:      layout_cave_pools, kennysheep_mini, grunt_qazlal_sundering,
          minmay_temple_entry_nine_rooms
D:5:      layout_gridville, lemuel_doored_altar, general_overflow_altar,
          eat_drink_and_be_merry_uskayaw
Temple:   compressed_dpeg_triangle_lava_temple

Skill      XL: |  1  2  3  4  5  6  7 |
---------------+----------------------+-----
Spellcasting   | 3 |  3.8
Hexes          | 2 4 5 |  5.4
Conjurations   | 5 |  5.4
Translocations | 1 |  1.2
Dodging        | |  2.0
Stealth        | |  2.6

Action                   |  1- 3 |  4- 6 |  7- 9 || total
-------------------------+-------+-------+-------++-------
Melee: Unarmed           |    18 |    37 |       ||    55
       Tentacles         |     4 |     9 |     7 ||    20
       Constrict         |     3 |    10 |     7 ||    20
       Dagger            |       |       |    24 ||    24
 Cast: Magic Dart        |    23 |     3 |     3 ||    29
       Searing Ray       |    18 |    36 |     6 ||    60
       Fulminant Prism   |       |     1 |       ||     1
       Iskenderun's Myst |       |       |     1 ||     1
Invok: Curse Item        |     1 |       |       ||     1
  Use: Scroll            |     3 |     3 |     1 ||     7
       Potion            |       |     2 |       ||     2
 Stab: Sleeping          |       |     2 |     1 ||     3
Armor: Skin              |     2 |     7 |       ||     9
Dodge: Dodged            |    22 |    72 |    34 ||   128

Table legend: (Time is in decaauts)
 A = Elapsed time spent in this place.
 B = Non-inter-level travel time spent in this place.
 C = Inter-level travel time spent in this place.
 D = Time resting spent in this place.
 E = Time spent auto-exploring this place.
 F = Levels seen in this place.
 G = Mean time per level.
                   A        B        C        D        E       F      G
               +--------+--------+--------+--------+--------+-----+--------+
         Total |   6276 |   6140 |    136 |    712 |   4662 |   6 | 1046.0 |
       Dungeon |   6011 |   5884 |    127 |    712 |   4408 |   5 | 1202.2 |
        Temple |    264 |    255 |      9 |      0 |    254 |   1 |  264.0 |
               +--------+--------+--------+--------+--------+-----+--------+

Top non-repeatable levels by time:
     D:3: 2076 daAuts
     D:2: 1388 daAuts
     D:4: 1316 daAuts
     D:1: 1017 daAuts
  Temple: 264 daAuts
     D:5: 213 daAuts
